 Dungeon Crawl Stone Soup version 0.20.1-1-g8b1a95d66d (webtiles) character file.

97 ReignBeau the Grave Robber (level 4, -4/37 HPs)
             Began as a Deep Dwarf Necromancer on Jan 3, 2018.
             Killed from afar by an orc wizard (9 damage)
             ... with a puff of flame
             ... on level 4 of the Dungeon.
             The game lasted 00:11:28 (917 turns).

ReignBeau the Grave Robber (Deep Dwarf Necromancer)  Turns: 917, Time: 00:11:29

Health: -4/37      AC:  6    Str: 12    XL:     4   Next: 42%
Magic:  2/6        EV: 10    Int: 16    God:
Gold:   36         SH:  0    Dex: 13    Spells: 6/8 levels left

rFire    . . .     SeeInvis .   j - +0 morningstar
rCold    . . .     Gourm    .   (no shield)
rNeg     . . .     Faith    .   q - +0 scale mail
rPois    .         Spirit   .   (no helmet)
rElec    .         Reflect  .   (no cloak)
rCorr    .         Harm     .   (no gloves)
MR       .....                  (no boots)
Stlth    +.........             (no amulet)
Regen    0.0/turn               (no ring)
MPRegen  0.1/turn               (no ring)

@: non-regenerating
A: damage resistance, heal wounds, sense surroundings 1, no regeneration
a: Heal Wounds


You were on level 4 of the Dungeon.
You were not hungry.

You visited 1 branch of the dungeon, and saw 4 of its levels.

You collected 36 gold pieces.

Inventory:

Hand Weapons
 g - a +0 hunting sling
 j - a +0 morningstar (weapon)
Armour
 a - a +0 robe
 e - a +0 leather armour
 h - a +0 robe
 p - a +0 ring mail
 q - a +0 scale mail (worn)
Wands
 r - a wand of iceblast (5/15)
Scrolls
 i - 3 scrolls of identify {unknown}
 l - a scroll of fear {unknown}
 m - a scroll of recharging {unknown}
Potions
 d - a potion of degeneration {unknown}
 f - a potion of curing {unknown}
 k - a potion of heal wounds {unknown}
 o - a potion of lignification {unknown}
Books
 b - a book of Necromancy

   Spells                             Type                      Level
   a - Pain                           Necromancy                   1
   b - Animate Skeleton               Necromancy                   1
   c - Vampiric Draining              Necromancy                   3
   d - Regeneration                   Charms/Necromancy            3
   e - Animate Dead                   Necromancy                   4
   f - Control Undead                 Necromancy                   4
Comestibles
 c - a bread ration
 n - a royal jelly


   Skills:
 + Level 0.3 Fighting
 + Level 0.2 Maces & Flails
 + Level 2.9 Dodging
 + Level 2.8 Stealth
 + Level 1.3 Unarmed Combat
 + Level 2.5 Spellcasting
 + Level 5.0 Necromancy


You had 6 spell levels left.
You knew the following spells:

 Your Spells              Type           Power        Failure   Level  Hunger
a - Pain                  Necr           ###.         14%         1    #......
b - Animate Skeleton      Necr           N/A          14%         1    #......


Dungeon Overview and Level Annotations

Branches:
Dungeon (4/15)
 Temple: D:4-7

Altars:
Ashenzari


Innate Abilities, Weirdness & Mutations

You are resistant to damage.
You can heal yourself by infusing magical energy.
You passively map a small area around you.
You do not regenerate.


Message History

You bump into the rock wall.
Something hits you but does no damage. The orc barely misses you.
The orc hits you with a flail.
* * * LOW HITPOINT WARNING * * *
You barely miss the orc.
You feel less confused. Something hits you. The orc barely misses you.
Something hits you but does no damage.
Unknown command.
Casting: Pain
Confirm with . or Enter, or press ? or * to list all spells.
Aiming: Pain
Press: ? - help, Shift-Dir - straight line, f - orc
Aim: an orc, wielding a flail and wearing a leather armour (chance to defeat MR: 87%)
The orc writhes in agony!
You kill the orc!
You hear some strange, mumbled words.
A puff of flame appears from out of thin air!
The puff of flame hits you!
You die...

, , *......# * *
*......###
#.......,, ,
#########...#.#
######....).........
#........<......# ,
.......[.†)...{.# *
..###...######)## *
, ##.## #@# , * , *
#. #(# * , **,, ..
#.# , #.# #.# #o **
#.# , *.o ..# * *
### , , * *


There were no monsters in sight!

Vanquished Creatures
  A scorpion (D:4)
  An adder (D:2)
  A worm (D:3)
  2 dart slugs (D:2)
  3 leopard geckos
  4 orcs
  2 bats
  2 giant cockroaches (D:3)
  3 goblins
  2 hobgoblins (D:2)
  A kobold (D:3)
  5 rats
27 creatures vanquished.

Notes
Turn   | Place    | Note
-------+----------+-------------------------------------------
     0 | D:1      | ReignBeau the Deep Dwarf Necromancer began the quest for the Orb.
     0 | D:1      | Reached XP level 1. HP: 15/15 MP: 3/3
   417 | D:2      | Reached XP level 2. HP: 14/22 MP: 1/3
   438 | D:2      | Learned a level 1 spell: Animate Skeleton
   647 | D:2      | You fall through a shaft!
   652 | D:3      | Reached XP level 3. HP: 19/28 MP: 2/4
   771 | D:3      | Reached skill level 1 in Unarmed Combat
   856 | D:3      | Found a shattered altar of Ashenzari.
   888 | D:4      | Noticed a scorpion
   898 | D:4      | Killed a scorpion
   898 | D:4      | Reached skill level 5 in Necromancy
   898 | D:4      | Reached XP level 4. HP: 32/37 MP: 0/6
   917 | D:4      | Killed from afar by an orc wizard

Skill      XL: |  1  2  3 |
---------------+----------+-----
Unarmed Combat | 1 |  1.3
Spellcasting   | 2 |  2.5
Necromancy     | 5 |  5.0
Fighting       | |  0.3
Maces & Flails | |  0.2
Dodging        | |  2.9
Stealth        | |  2.8

Action                   |  1- 3 |  4- 6 || total
-------------------------+-------+-------++-------
Melee: Unarmed           |    89 |       ||    89
       Morningstar       |    11 |     9 ||    20
 Cast: Pain              |    23 |     1 ||    24
       Animate Skeleton  |     2 |       ||     2
 Abil: Heal Wounds       |     4 |       ||     4
  Use: Scroll            |     1 |       ||     1
 Stab: Sleeping          |     2 |       ||     2
  Eat: Bread ration      |     1 |       ||     1
Armor: Robe              |    17 |       ||    17
       Scale mail        |     2 |     7 ||     9
       Ring mail         |     1 |       ||     1
Dodge: Dodged            |    84 |     5 ||    89
